 Dungeon Crawl Stone Soup version 0.28-a0-1477-g273aa18710 (webtiles) character file.

Game seed: 14907222866130645414

323 masacerus the Chopper (level 6, 0/53 HPs)
             Began as a Minotaur Berserker on Jan 11, 2022.
             Was a Believer of Trog.
             Succumbed to an adder's poison
             ... on level 4 of the Dungeon.
             The game lasted 00:03:36 (3998 turns).

masacerus the Chopper (Minotaur Berserker)          Turns: 3998, Time: 00:03:37

Health: 0/53       AC:  5    Str: 24    XL:     6   Next: 23%
Magic:  5/5        EV: 11    Int:  4    God:    Trog [**....]
Gold:   67         SH:  0    Dex:  9    Spells: 5/5 levels left

rFire   . . .      SeeInvis .   a - +0 hand axe
rCold   . . .      Faith    .   (no shield)
rNeg    . . .      Spirit   .   k - +0 ring mail
rPois   .          Reflect  .   (helmet restricted)
rElec   .          Harm     .   (no cloak)
rCorr   .          Rampage  .   (no gloves)
Will    .....                   (no boots)
Stlth   +.........              (no amulet)
HPRegen 0.17/turn               (no ring)
MPRegen 0.09/turn               (no ring)

@: lethally poisoned (0 -> -3)
A: horns 2, retaliatory headbutt
a: Renounce Religion, Berserk, Trog's Hand


You were on level 4 of the Dungeon.
You worshipped Trog.
Trog was pleased with you.
You visited 1 branch of the dungeon, and saw 4 of its levels.

You collected 67 gold pieces.

Inventory:

Hand Weapons
 a - a +0 hand axe (weapon)
Missiles
 j - 3 boomerangs of dispersal (quivered)
 l - 7 poisoned darts
Armour
 b - a +0 animal skin
 k - a +0 ring mail (worn)
Jewellery
 m - an amulet of the acrobat
Wands
 p - a wand of iceblast (7)
Scrolls
 c - a scroll of silence {unknown}
 e - a scroll of teleportation {unknown}
 f - 3 scrolls of blinking {unknown}
 g - 4 scrolls of identify {unknown}
 i - a scroll of fog {unknown}
Potions
 d - 2 potions of brilliance {unknown}
 h - 2 potions of heal wounds {unknown}
 n - a potion of mutation {unknown}
 o - a potion of might {unknown}


   Skills:
 + Level 4.7 Fighting
 + Level 6.3 Axes
 + Level 3.5 Armour
 + Level 3.5 Dodging
 + Level 1.2 Stealth


You had 5 spell levels left.
You didn't know any spells.
Your spell library was empty.

Dungeon Overview and Level Annotations

Branches:
Dungeon (4/15)
 Temple: D:4-7

Altars:
Cheibriados


Innate Abilities, Weirdness & Mutations

You have a pair of horns on your head.
You reflexively headbutt those who attack you in melee.


Message History

You kill the kobold!
Trog accepts your kill.
You see here a +0 whip.
You now have 67 gold pieces (gained 12).
g - 4 scrolls labelled NES ZO WEV (gained 1)
You open the door.
There is an open door here.
An ogre and an adder come into view.
The ogre shouts!
You see here a scroll labelled CUEKLUTITT.
There are monsters nearby!
There are monsters nearby!
Found a scroll labelled NES ZO WEV.
A worm comes into view.
Found 13 gold pieces.
The adder bites you. The ogre barely misses you. You furiously retaliate!
You headbutt the ogre. You hit the ogre but do no damage.
The ogre is moderately wounded.
You miss the adder. The adder bites you but does no damage.
The ogre hits you with a +0 giant club!!
Ouch! That really hurt!
You hit the ogre.
The ogre is moderately wounded.
You barely miss the adder. The adder bites you but does no damage.
The adder barely misses you.
You hit the ogre.
The ogre is heavily wounded.
You hit the adder.
The ogre hits you with a +0 giant club!!
* * * LOW HITPOINT WARNING * * *
The adder misses you. The adder closely misses you.
The adder bites you but does no damage.
You see here a scroll labelled CUEKLUTITT.
The adder bites you.
* * * LOW HITPOINT WARNING * * *
You are lethally poisoned!
The adder poisons you!
You die...

######### ######.....?.. #
#....#$....... ####
#....#........ ...# #####
#....#........ ...# #...#
#.........#### ...#
##...#####.S?.......... ...#
#........@.O...w....... ...#
#.....#..#............. ...#
#.###.#..#............. ...#
#.# #.#..#.............
...#####.###.#..#.............
.............#................
#..........####.####..........
#..........# #.# .....
#..........# .#


You could see an ogre, a worm and an adder.

Vanquished Creatures
  An ogre (D:4)
  A jelly (D:4)
  A hound (D:3)
  An iguana (D:3)
  2 orc wizards (D:3)
  A mummy (D:3)
  2 adders
  3 worms
  A dart slug (D:3)
  An orc (D:3)
  3 ball pythons
  3 bats
  4 endoplasms
  3 giant cockroaches
  3 goblins
  4 hobgoblins
  14 jackals
  A quokka (D:2)
  3 frilled lizards
  7 kobolds
  3 rats
62 creatures vanquished.

Notes
Turn   | Place    | Note
-------+----------+-------------------------------------------
     0 | D:1      | masacerus the Minotaur Berserker began the quest for the
                  | Orb.
     0 | D:1      | Reached XP level 1. HP: 19/19 MP: 0/0
   318 | D:1      | Reached XP level 2. HP: 13/27 MP: 1/1
  1065 | D:2      | Reached skill level 4 in Axes
  1184 | D:2      | Reached XP level 3. HP: 6/33 MP: 2/2
  1188 | D:2      | HP: 1/33 [poisoned by an adder]
  2068 | D:2      | Found a snail-covered altar of Cheibriados.
  2359 | D:2      | Reached ** piety under Trog
  2765 | D:3      | Reached XP level 4. HP: 41/41 MP: 3/3
  3041 | D:3      | Reached skill level 5 in Axes
  3301 | D:3      | Reached XP level 5. HP: 47/47 MP: 4/4
  3305 | D:3      | Reached skill level 1 in Stealth
  3469 | D:3      | Found a snail-covered altar of Cheibriados.
  3749 | D:4      | Noticed an ogre
  3754 | D:4      | Killed an ogre
  3755 | D:4      | Reached skill level 6 in Axes
  3755 | D:4      | Reached XP level 6. HP: 53/53 MP: 5/5
  3997 | D:4      | HP: 1/53 [adder (3)]
  3998 | D:4      | Succumbed to an adder's poison

Illustrated notes

Levels and vault maps discovered:
D:1:      lightli_arrival_flooded_house, layout_basic, glass_columns_a
D:2:      layout_basic, basic_altar
D:3:      layout_loops_corners, slow_altar_2, lemuel_old_faithful
D:4:      layout_basic, temple_hall

Skill      XL: |  1  2  3  4  5 |
---------------+----------------+-----
Fighting       | 4 |  4.7
Axes           | 4 5 6 |  6.3
Dodging        | 3 |  3.5
Armour         | 3 |  3.5
Stealth        | 1 |  1.2

Action                   |  1- 3 |  4- 6 || total
-------------------------+-------+-------++-------
Melee: Hand axe          |    76 |    63 ||   139
       Headbutt          |     9 |     9 ||    18
Invok: Berserk           |     1 |     3 ||     4
Armor: Animal skin       |    15 |       ||    15
       Ring mail         |     1 |    19 ||    20
Dodge: Dodged            |    72 |    32 ||   104

Table legend: (Time is in decaauts)
 A = Elapsed time spent in this place.
 B = Non-inter-level travel time spent in this place.
 C = Inter-level travel time spent in this place.
 D = Time resting spent in this place.
 E = Time spent auto-exploring this place.
 F = Levels seen in this place.
 G = Mean time per level.
                   A        B        C        D        E       F      G
               +--------+--------+--------+--------+--------+-----+--------+
         Total |   4042 |   4042 |      0 |      0 |   3392 |   4 | 1010.5 |
       Dungeon |   4042 |   4042 |      0 |      0 |   3392 |   4 | 1010.5 |
               +--------+--------+--------+--------+--------+-----+--------+

Top non-repeatable levels by time:
     D:2: 1609 daAuts
     D:3: 1232 daAuts
     D:1: 943 daAuts
     D:4: 256 daAuts
